 Dungeon Crawl Stone Soup version 0.30-a0-222-ge547ba4400 (webtiles) character file.

Game seed: 9215271256886173337

94 qw the Chopper (level 4, -1/28 HPs)
             Began as a Gargoyle Fighter on Oct 8, 2022.
             Slain by a gnoll
             ... wielding a +0 spear
              (4 damage)
             ... on level 3 of the Dungeon.
             The game lasted 00:00:37 (1799 turns).

qw the Chopper (Gargoyle Fighter)                   Turns: 1799, Time: 00:00:37

Health: -1/28      AC: 10    Str: 22    XL:     4   Next: 63%
Magic:  4/4        EV:  9    Int:  8    God:
Gold:   25         SH:  4    Dex:  9    Spells: 3/3 levels left

rFire   . . .      SeeInvis +    Y - +1 war axe
rCold   . . .      Faith    .    c - +0 buckler
rNeg    + . .      Spirit   .    b - +0 scale mail
rPois   inf        Reflect  .    (no helmet)
rElec   +          Harm     .    (no cloak)
rCorr   .          Rampage  .    (no gloves)
Will    .....                    (no boots)
Stlth   ..........               (no amulet)
HPRegen 0.24/turn                h - ring of see invisible
MPRegen 0.09/turn                (no ring)

@: no status effects
A: sickness immunity, AC +3, negative energy resistance 1, electricity
resistance, torment resistance 1, petrification resistance
a: no special abilities


You were on level 3 of the Dungeon.
You visited 1 branch of the dungeon, and saw 3 of its levels.

You collected 77 gold pieces.
You spent 52 gold pieces at shops.


Innate Abilities, Weirdness & Mutations

You are immune to sickness and miasma.
Your stone body is resilient. (AC +3)
You are immune to poison.
You resist negative energy. (rN+)
You are resistant to electric shocks. (rElec)
You are resistant to unholy torment.
You are immune to petrification.


   Skills:
 - Level 3.2 Fighting
 + Level 4.1 Axes
 - Level 1.0 Throwing
 - Level 3.2 Armour
 - Level 3.2 Shields


You had 3 spell levels left.
You didn't know any spells.
Your spell library was empty.

Inventory:

Hand Weapons
 q - a +0 morningstar
 Y - a +1 war axe (weapon)
Missiles
 o - 2 javelins (quivered)
Armour
 b - a +0 scale mail (worn)
 c - a +0 buckler (worn)
Jewellery
 h - a ring of see invisible (left hand)
 m - a ring of ice
Scrolls
 k - 2 scrolls of enchant armour
Potions
 a - a potion of invisibility
 d - a potion of might
 i - 2 potions of curing
 j - a potion of heal wounds {unknown}
 l - a potion of lignification {unknown}
 n - a potion of haste {unknown}

Dungeon Overview and Level Annotations

Branches:
Dungeon (3/15)

Altars:

Shops:
D:1 :   D:2 (

Annotations:
D:3 Robin


Message History

You completely miss the goblin.
The goblin is heavily wounded.
You closely miss the bat. The bat barely misses you.
The goblin hits you but does no damage. Robin closely misses you.
A gnoll comes into view. It is wielding a +0 halberd.
A gnoll comes into view. It is wielding a +0 flail.
The gnoll hits you but does no damage. The goblin hits you with a +0 club.
Robin hits you but does no damage.
You barely miss the goblin.
The goblin is heavily wounded.
You closely miss the bat.
The gnoll shouts!
The bat closely misses you.
The gnoll hits you from afar with a +0 spear.
Robin hits you but does no damage. The goblin barely misses you.
The gnoll misses you.
You closely miss the goblin.
The goblin is heavily wounded.
You barely miss the bat. You block the bat's attack.
The bat hits you but does no damage. The gnoll closely misses you.
Robin hits you but does no damage. The goblin hits you with a +0 club.
A rat comes into view.
The gnoll hits you but does no damage.
You closely miss the goblin.
The goblin is heavily wounded.
You closely miss the bat. The bat barely misses you.
The gnoll hits you from afar with a +0 halberd.
The gnoll barely misses you. The goblin hits you with a +0 club.
You block Robin's attack.
You hit the goblin.
You kill the goblin!
You miss the bat. You block the bat's attack.
Robin hits you from afar with a +0 spear.
The gnoll misses you.
The gnoll hits you from afar with a +0 spear.
You die...

#.### ######....
# .........##.#
..........#(####
........).%.....
...............#
......g.)%.....#
......g<@)?.....
...r.gg))bg.(.##
....<.......<.#
.#............#
#.####..#......
# ....##.%.(
.... .... #.....
..(


You could see Robin (invisible), 4 gnolls, a bat and a rat.

Vanquished Creatures
  3 gnolls (D:2)
  An adder (D:3)
  2 dart slugs (D:2)
  4 bats
  2 endoplasms (D:1)
  3 giant cockroaches (D:2)
  12 goblins
  4 hobgoblins
  2 jackals (D:2)
  A quokka (D:2)
  6 ball pythons
  3 frilled lizards
  5 kobolds
  A rat (D:1)
49 creatures vanquished.

Notes
Turn   | Place    | Note
-------+----------+-------------------------------------------
     0 | D:1      | qw the Gargoyle Fighter began the quest for the Orb.
     0 | D:1      | Reached XP level 1. HP: 14/14 MP: 1/1
     0 | D:1      | 0 ||| qw: Version: 0.2-a-17-gfa9de96
     0 | D:1      | 0 ||| qw: Game counter: 2005
     0 | D:1      | 0 ||| qw: Always use a shield: true
     0 | D:1      | 0 ||| qw: God list: Okawaru
     0 | D:1      | 0 ||| qw: Allow faded altars: false
     0 | D:1      | 0 ||| qw: Do Orc after D:15 true
     0 | D:1      | 0 ||| qw: Do second Lair branch before Depths: true
     0 | D:1      | 0 ||| qw: Lair rune preference: random
     0 | D:1      | 0 ||| qw: Plans: Normal, Zot:1-4, God:TSO, Crypt, Tomb,
                  | Pan, Slime:5, Hells, Abyss, Orb
     0 | D:1      | 0 ||| PLANNING D:1-11
    52 | D:1      | Reached skill level 2 in Axes
    67 | D:1      | Found Gaekhiumu's Book Boutique.
   115 | D:1      | Found a faded altar of an unknown god.
   115 | D:1      | Noticed a floating eye
   117 | D:1      | Noticed a shining eye
   117 | D:1      | Noticed a golden eye
   117 | D:1      | Noticed an eye of devastation
   161 | D:1      | Reached XP level 2. HP: 19/19 MP: 2/2
   881 | D:1      | 881 ||| UPGRADING to ring of see invisible.
   882 | D:1      | 882 ||| READING 4 scrolls labelled VITUEKI GYUTZ.
   883 | D:1      | 883 ||| READING 3 scrolls labelled ULUTEN FAPS.
   884 | D:1      | 884 ||| DRINKING 2 inky potions.
   989 | D:1      | 989 ||| DRINKING 2 viscous cyan potions.
   990 | D:1      | 990 ||| DROPPING 3 scrolls of poison.
   991 | D:1      | 991 ||| DROPPING potion of berserk rage.
  1076 | D:2      | 1076 ||| Stepping ~*~*~tactically~*~*~ (stealth).
  1077 | D:2      | 1077 ||| Stepping ~*~*~tactically~*~*~ (stealth).
  1078 | D:2      | 1078 ||| Stepping ~*~*~tactically~*~*~ (stealth).
  1101 | D:2      | Reached skill level 3 in Axes
  1140 | D:2      | Reached XP level 3. HP: 23/23 MP: 3/3
  1244 | D:2      | 1244 ||| Stepping ~*~*~tactically~*~*~ (hiding).
  1303 | D:2      | 1303 ||| Stepping ~*~*~tactically~*~*~ (stealth).
  1313 | D:2      | Reached XP level 4. HP: 15/28 MP: 4/4
  1368 | D:2      | 1368 ||| DROPPING +0 club.
  1510 | D:2      | Reached skill level 4 in Axes
  1648 | D:2      | Found Viclunui's Weapon Emporium.
  1655 | D:2      | 1655 ||| BUYING +0 morningstar (52 gold).
  1655 | D:2      | Bought a +0 morningstar for 52 gold pieces
  1655 | D:2      | 1655 ||| DROPPING +0 flail.
  1753 | D:2      | 1753 ||| DROPPING amulet of magic regeneration.
  1754 | D:2      | 1754 ||| READING scroll labelled IGYSOPL WOUHO.
  1755 | D:2      | 1755 ||| READING scroll labelled MIM CEFEICI.
  1756 | D:2      | 1756 ||| READING scroll labelled LEREJI TUOX.
  1783 | D:3      | Noticed Robin
  1787 | D:3      | Reached skill level 1 in Throwing
  1798 | D:3      | HP: 6/28 [gnoll/+0 halberd (3)]
  1799 | D:3      | Slain by a gnoll

Levels and vault maps discovered:
D:1:      tarquinn_simple_flora_water_d, layout_loops_corners,
          hellmonk_ecumenical_altar_watching_god, serial_shops, shop
D:2:      layout_loops_cross, serial_shops, shop
D:3:      layout_rooms, gammafunk_ghost_gnarly_gnolls, uniq_crazy_yiuf_cottage,
          uniq_terence, uniq_jessica, uniq_robin, uniq_pargi

Skill      XL: |  1  2  3  4 |
---------------+-------------+-----
Axes           | 2 3 4 |  4.1
Throwing       | 1 |  1.0
Fighting       | |  3.2
Armour         | |  3.2
Shields        | |  3.2

Action                   |  1- 3 |  4- 6 || total
-------------------------+-------+-------++-------
Melee: War axe           |    73 |    32 ||   105
Throw: Javelin           |       |     6 ||     6
  Use: Scroll            |     2 |     3 ||     5
       Potion            |     2 |       ||     2
Armor: Scale mail        |    30 |    35 ||    65
Dodge: Dodged            |    34 |    33 ||    67
Block: Buckler           |    14 |    15 ||    29

Table legend:
 A = Non-vault XP
 B = Vault XP
 C = Vault XP percentage of total XP
 D = Non-vault monster count
 E = Vault monster count
 F = Vault count percentage of total count
                 A         B        C        D         E       F
            +---------+---------+-------+---------+---------+-------
      Total |     117 |      20 |  14.6 |      39 |      10 |  20.4
            +---------+---------+-------+---------+---------+-------
        D:1 |      24 |       0 |   0.0 |      14 |       0 |   0.0
        D:2 |      79 |       0 |   0.0 |      23 |       0 |   0.0
        D:3 |      14 |      20 |  58.8 |       2 |      10 |  83.3
            +---------+---------+-------+---------+---------+-------
